 Dungeon Crawl Stone Soup version 0.31-a0-23-gcbde74481b (webtiles) character file.

Game seed: 13633632606456501037

17 BlueFish the Sneak (level 2, -1/26 HPs)
             Began as a Draconian Delver on May 13, 2023.
             Slain by an elf zombie (6 damage)
             ... in an ossuary.
             The game lasted 00:01:41 (417 turns).

BlueFish the Sneak (Draconian Delver)                Turns: 417, Time: 00:01:42

Health: -1/26      AC:  4    Str: 14    XL:     2   Next: 44%
Magic:  2/2        EV: 12    Int: 10    God:
Gold:   35         SH:  0    Dex: 12    Spells: 1/1 levels left

rFire   . . .        a - +0 short sword
rCold   . . .        (no shield)
rNeg    . . .        (body armour unavailable)
rPois   .            (helmet restricted)
rElec   .            (no cloak)
rCorr   .            (no gloves)
SInv    .            (no boots)
Will    .....        (no amulet)
Stlth   +++          (no ring)
HPRegen 0.24/turn    (no ring)
MPRegen 0.08/turn

%: no passive effects
@: no status effects
A: AC +4, unfitting armour, cold-blooded
a: no special abilities


You were in an ossuary.
You visited 1 branch of the dungeon, and saw 2 of its levels.
You also visited: Ossuary.

You collected 35 gold pieces.

Inventory:

Hand Weapons
 a - a +0 short sword (weapon)
Jewellery
 h - a ring of fire
Wands
 f - a wand of digging (3)
Scrolls
 b - a scroll of fog
 c - 2 scrolls of magic mapping
 d - 2 scrolls of fear
 g - a scroll of brand weapon {unknown}
 j - a scroll of enchant weapon {unknown}
 k - a scroll of acquirement {unknown}
Potions
 e - a potion of haste
 i - a potion of magic {unknown}


   Skills:
 + Level 3.5 Fighting
 + Level 2.2 Short Blades
 + Level 2.0 Dodging
 + Level 4.6 Stealth
 + Level 0.7 Evocations


You had one spell level left.
You didn't know any spells.
Your spell library contained the following spells:

 Spells                   Type           Power      Damage    Failure   Level
 Lesser Beckoning         Tloc           0%         N/A       50%         2
 Gell's Gravitas          Tloc           0%         N/A       75%         3
 Teleport Other           Tloc           0%         N/A       75%         3


Dungeon Overview and Level Annotations

Branches:
Dungeon (5/15)            Ossuary (1/1)
 Temple: D:4-7

Altars:

Annotations:
D:5 exclusion: centaur


Innate Abilities, Weirdness & Mutations

Your plain brown scales are hard. (AC +4)
You cannot fit into any form of body armour.
You are cold-blooded and may be slowed by cold attacks.


Message History

The elf zombie is almost destroyed.
The elf zombie completely misses you.
You hit the elf zombie.
The elf zombie is almost destroyed.
The elf zombie hits you.
You hit the elf zombie.
The elf zombie is almost destroyed.
You hit the elf zombie.
Your tail-slap misses the elf zombie.
The elf zombie is almost destroyed.
The elf zombie hits you but does no damage.
You barely miss the elf zombie.
The elf zombie is almost destroyed.
The elf zombie hits you but does no damage.
You closely miss the elf zombie.
The elf zombie is almost destroyed.
You hit the elf zombie.
The elf zombie is almost destroyed.
The elf zombie misses you.
You hit the elf zombie but do no damage.
The elf zombie is almost destroyed.
The elf zombie hits you.
* * * LOW HITPOINT WARNING * * *
You closely miss the elf zombie.
The elf zombie is almost destroyed.
The elf zombie hits you.
* * * LOW HITPOINT WARNING * * *
You barely miss the elf zombie.
The elf zombie is almost destroyed.
You barely miss the elf zombie.
The elf zombie is almost destroyed.
The elf zombie hits you but does no damage.
You hit the elf zombie but do no damage.
The elf zombie is almost destroyed.
The elf zombie closely misses you.
You closely miss the elf zombie.
The elf zombie is almost destroyed.
You hit the elf zombie but do no damage.
The elf zombie is almost destroyed.
The elf zombie hits you.
You die...

#.....#
##...##
#...#
##...##
#.....#
##.Z.##
#ZZ.#
##Z##
#^^@#
#.∩^+
#^^.#
#####


You could see an adder zombie, a quokka zombie, a goblin zombie and an elf
zombie.

Vanquished Creatures
  An adder (D:5)
  An adder zombie (Ossuary)
  An orc (D:4)
  A ball python (D:4)
  A goblin zombie (Ossuary)
  A rat zombie (Ossuary)
6 creatures vanquished.

Notes
Turn   | Place    | Note
-------+----------+-------------------------------------------
     0 | D:5      | BlueFish the Draconian Delver began the quest for the Orb.
     0 | D:5      | Reached XP level 1. HP: 19/19 MP: 1/1
    90 | D:5      | Reached XP level 2. HP: 26/26 MP: 2/2
   102 | D:5      | Noticed a centaur
   243 | D:4      | Noticed a scorpion
   309 | D:4      | Found a sand-covered staircase.
   316 | Ossuary  | Entered an ossuary
   417 | Ossuary  | Slain by an elf zombie

Illustrated notes

Levels and vault maps discovered:
D:4:      layout_cave_pools, enter_ossuary_4
D:5:      layout_basic
Ossuary:  ossuary_minmay_chase

Skill      XL: |  1  2 |
---------------+-------+-----
Dodging        | 2 |  2.0
Fighting       | |  3.5
Short Blades   | |  2.2
Stealth        | |  4.6
Evocations     | |  0.7

Action                     || total
---------------------------++-------
  Melee: Short sword       ||    68
         Tailslap          ||     7
         Punch             ||     5
    Use: Potion            ||     2
   Stab: Sleeping          ||     1
 Armour: Skin              ||    20
  Dodge: Dodged            ||    36

Table legend: (Time is in decaauts)
 A = Elapsed time spent in this place.
 B = Non-inter-level travel time spent in this place.
 C = Inter-level travel time spent in this place.
 D = Time resting spent in this place.
 E = Time spent auto-exploring this place.
 F = Levels seen in this place.
 G = Mean time per level.
                   A        B        C        D        E       F      G
               +--------+--------+--------+--------+--------+-----+--------+
         Total |    371 |    371 |      0 |      0 |    124 |   3 |  123.7 |
       Dungeon |    295 |    295 |      0 |      0 |    124 |   2 |  147.5 |
       Ossuary |     75 |     75 |      0 |      0 |      0 |   1 |   75.0 |
               +--------+--------+--------+--------+--------+-----+--------+

Top non-repeatable levels by time:
     D:5: 215 daAuts
     D:4: 79 daAuts
 Ossuary: 75 daAuts
